 Dungeon Crawl Stone Soup version 0.24-a0-441-g27f0392e16 (webtiles) character file.

Game seed: 17513180246181275973

13 Jyms the Grave Robber (level 2, -2/15 HPs)
             Began as a Deep Elf Necromancer on June 20, 2019.
             Slain by a worm (7 damage)
             ... on level 1 of the Dungeon.
             The game lasted 00:10:18 (754 turns).

Jyms the Grave Robber (Deep Elf Necromancer)         Turns: 754, Time: 00:10:19

Health: -2/15      AC:  2    Str:  5    XL:     2   Next: 24%
Magic:  3/8        EV: 13    Int: 19    God:
Gold:   56         SH:  0    Dex: 15    Spells: 5/7 levels left

rFire    . . .     SeeInvis .   d - +0 dagger
rCold    . . .     Gourm    .   (no shield)
rNeg     . . .     Faith    .   a - +0 robe
rPois    .         Spirit   .   (no helmet)
rElec    .         Reflect  .   (no cloak)
rCorr    .         Harm     .   (no gloves)
MR       .....                  (no boots)
Stlth    ++........             (no amulet)
HPRegen  0.05/turn              (no ring)
MPRegen  0.11/turn              (no ring)

@: no status effects
A: no striking features
a: no special abilities


You were on level 1 of the Dungeon.
You were not hungry.

You visited 1 branch of the dungeon, and saw 2 of its levels.

You collected 56 gold pieces.

Inventory:

Hand Weapons
 d - a +0 dagger (weapon)
Missiles
 b - 26 stones (quivered)
 h - 23 sling bullets
Armour
 a - a +0 robe (worn)
 i - a +0 pair of boots
Scrolls
 e - 2 scrolls of identify {unknown}
 g - a scroll of remove curse {unknown}
Comestibles
 c - 4 rations


   Skills:
 + Level 2.7 Dodging
 + Level 2.8 Stealth
 + Level 3.3 Spellcasting
 + Level 5.0 Necromancy


You had 5 spell levels left.
You knew the following spells:

 Your Spells              Type           Power        Failure   Level  Hunger
a - Pain                  Necr           ###.         1%          1    None
b - Animate Skeleton      Necr           N/A          1%          1    None

Your spell library contained the following spells:

 Spells                   Type           Power        Failure   Level  Hunger
 Vampiric Draining        Necr           ###.......   5%          3    ###....
 Regeneration             Chrm/Necr      ##........   16%         3    ###....
 Animate Dead             Necr           N/A          19%         4    ####...


Dungeon Overview and Level Annotations

Branches:
Dungeon (2/15)

Altars:


Message History

The worm barely resists.
Casting: Pain (safe; 1% risk of failure)
Confirm with . or Enter, or press ? or * to list all spells.
Aiming: Pain (safe; 1% risk of failure)
Press: ? - help, Shift-Dir - straight line, f/p - worm
Aim: a worm (lightly wounded, chance to defeat MR: 87%)
The worm writhes in agony!
You climb upwards.
There is a stone staircase leading down here.
You swap places.
The worm closely misses you. The worm misses you. The worm bites you.
Your kobold skeleton hits the worm with a +0 short sword.
Casting: Pain (safe; 1% risk of failure)
Confirm with . or Enter, or press ? or * to list all spells.
Aiming: Pain (safe; 1% risk of failure)
Press: ? - help, Shift-Dir - straight line, f - worm
Aim: a worm (moderately wounded, chance to defeat MR: 87%)
The worm barely resists.
The worm bites you!
You die...

.....##########################
..............#.#######
####..................# ##
#..........#.#####.# .#
#............# #.# .#
#............# #.####### .#
#............# #.......# .#
############w###########Z####
.# #Z@.......# #....# .#
#########.# ####.# .# #.# #.#
.# #.# #.# .# #.# #.# .# #.#
#.# ## #.# #Z# #.# #.# #Z# #.#


You could see a worm and a friendly kobold skeleton.

Vanquished Creatures
  A ball python (D:1)
  A goblin (D:1)
  2 hobgoblins (D:1)
  A bat (D:1)
  2 kobolds (D:1)
  5 rats (D:1)
12 creatures vanquished.

Vanquished Creatures (collateral kills)
  A bat (D:1)
  A rat (D:1)
2 creatures vanquished.

Grand Total: 14 creatures vanquished

Notes
Turn   | Place    | Note
-------+----------+-------------------------------------------
     0 | D:1      | Jyms the Deep Elf Necromancer began the quest for the Orb.
     0 | D:1      | Reached XP level 1. HP: 10/10 MP: 6/6
     2 | D:1      | Learned a level 1 spell: Animate Skeleton
   308 | D:1      | Reached skill level 5 in Necromancy
   308 | D:1      | Reached XP level 2. HP: 7/15 MP: 4/8
   754 | D:1      | Slain by a worm

Levels and vault maps discovered:
D:1:      minmay_arrival_checkered_box, layout_basic, minmay_misc_feat_enclosed,
          chequers_avenue
D:2:      layout_rooms, first_ration, grunt_ministairs_14,
          fedhas_altar_fruit_tree

Skill      XL: |  1 |
---------------+----+-----
Necromancy     | 5 |  5.0
Dodging        | |  2.7
Stealth        | |  2.8
Spellcasting   | |  3.3

Action                   || total
-------------------------++-------
Melee: Dagger            ||     1
 Cast: Pain              ||    24
       Animate Skeleton  ||     6
Dodge: Dodged            ||     8

Table legend:
 A = Non-vault XP
 B = Vault XP
 C = Vault XP percentage of total XP
 D = Non-vault monster count
 E = Vault monster count
 F = Vault count percentage of total count
                 A         B        C        D         E       F
            +---------+---------+-------+---------+---------+-------
      Total |      19 |       0 |   0.0 |      14 |       0 |   0.0
            +---------+---------+-------+---------+---------+-------
        D:1 |      19 |       0 |   0.0 |      14 |       0 |   0.0
            +---------+---------+-------+---------+---------+-------
